 Dungeon Crawl Stone Soup version 0.21.1-1-g345015fe64 (webtiles) character file.

1428 Gargoyl the Schismatic (level 8, -17/67 HPs)
             Began as a Centaur Abyssal Knight on July 29, 2018.
             Was an Elder of Lugonu.
             Demolished by an orc warrior
             ... wielding a +0 scimitar
              (20 damage)
             ... on level 5 of the Dungeon.
             The game lasted 00:09:40 (6142 turns).

Gargoyl the Schismatic (Centaur Abyssal Knight)     Turns: 6142, Time: 00:09:40

Health: -17/67     AC: 10    Str: 16    XL:     8   Next: 44%
Magic:  12/12      EV: 10    Int: 11    God:    Lugonu [****..]
Gold:   269        SH:  7    Dex: 10    Spells: 7/7 levels left

rFire    . . .     SeeInvis .   t - +1 war axe
rCold    + . .     Gourm    .   o - +0 shield
rNeg     . . .     Faith    .   d - +2 ring mail {rC+}
rPois    .         Spirit   .   s - +0 helmet (curse)
rElec    .         Reflect  .   (no cloak)
rCorr    .         Harm     .   g - +0 pair of gloves
MR       .....                  (no barding)
Stlth    ..........             (no amulet)
HPRegen  0.21/turn              i - +4 ring of evasion
MPRegen  0.13/turn              k - +1 ring of slaying

@: very quick
A: large, hooves 3, deformed body, speed 2, tough skin 3
a: Depart the Abyss, Bend Space, Banish, Corrupt, Renounce Religion


You were on level 5 of the Dungeon.
You worshipped Lugonu.
Lugonu was greatly pleased with you.
You were not hungry.

You visited 1 branch of the dungeon, and saw 6 of its levels.
You visited the Abyss 1 time.
You also visited: Ossuary.

You collected 269 gold pieces.

Inventory:

Hand Weapons
 a - a +2 hand axe
 t - a +1 war axe (weapon)
Missiles
 p - a tomahawk (quivered)
Armour
 d - a +2 ring mail of cold resistance (worn)
 g - a +0 pair of gloves (worn)
 o - a +0 shield (worn)
 s - a cursed +0 helmet (worn)
Jewellery
 i - a +4 ring of evasion (left hand)
 k - a +1 ring of slaying (right hand)
Wands
 l - a wand of flame (15)
 r - a wand of iceblast (1)
Scrolls
 e - a scroll of identify
 f - a scroll of fog
 n - 4 scrolls of teleportation
 w - a scroll of magic mapping
 C - 2 scrolls of amnesia
Potions
 b - 4 potions of heal wounds
 h - a potion of haste
 j - 6 potions of curing
 m - 2 potions of lignification
 u - a potion of brilliance
 x - a potion of ambrosia
 z - a potion of berserk rage
 A - 2 potions of invisibility
 D - 2 potions of flight
 E - a potion of agility {unknown}
Books
 q - a book of Minor Magic

   Spells                             Type                      Level
   a - Magic Dart                     Conjuration                  1
   b - Blink                          Translocation                2
   c - Call Imp                       Summoning                    2
   d - Slow                           Hexes                        2
   e - Conjure Flame                  Conjuration/Fire             3
   f - Mephitic Cloud                 Conjuration/Poison/Air       3
 v - a book of Clouds

   Spells                             Type                      Level
   a - Poisonous Vapours              Poison/Air                   2
   b - Mephitic Cloud                 Conjuration/Poison/Air       3
   c - Conjure Flame                  Conjuration/Fire             3
   d - Freezing Cloud                 Conjuration/Ice/Air          6
   e - Ring of Flames                 Charms/Fire                  7
 y - a book of Flames

   Spells                             Type                      Level
   a - Flame Tongue                   Conjuration/Fire             1
   b - Throw Flame                    Conjuration/Fire             2
   c - Conjure Flame                  Conjuration/Fire             3
   d - Inner Flame                    Hexes/Fire                   3
   e - Sticky Flame                   Conjuration/Fire             4
   f - Fireball                       Conjuration/Fire             5
Comestibles
 c - 14 rations
 B - a chunk of flesh


   Skills:
 + Level 4.5 Fighting
 + Level 4.9 Axes
 + Level 0.6 Throwing
 * Level 4.3 Armour
 + Level 2.4 Dodging
 + Level 1.4 Shields
 * Level 5.6 Invocations


You had 7 spell levels left.
You didn't know any spells.

Dungeon Overview and Level Annotations

Branches:
Dungeon (6/15)
 Temple: D:4-7

Altars:
Cheibriados
Elyvilon
Fedhas
Kikubaaqudgha
Okawaru
Vehumet
Xom
Zin
The Shining One

Shops:
D:4 :


Innate Abilities, Weirdness & Mutations

You have hooves in place of feet.
Armour fits poorly on your strangely shaped body.
You cover ground very quickly.
You have extremely tough skin. (AC +3)


Message History

Lugonu accepts your kill. The orc warrior barely misses you.
A mysterious force pulls you upwards. The hatch slams shut behind you.
You hit the orc warrior.
You kick the orc warrior, but do no damage.
The orc warrior is moderately wounded.
The orc warrior hits you with a scimitar.
You closely miss the orc warrior.
The orc warrior is moderately wounded.
The orc warrior barely misses you.
The orc warrior hits you with a scimitar!
* * * LOW HITPOINT WARNING * * *
You slash the orc warrior! Your kick misses the orc warrior.
The orc warrior is severely wounded.
The orc warrior hits you with a scimitar!
* * * LOW HITPOINT WARNING * * *
You closely miss the orc warrior.
The orc warrior is severely wounded.
The orc warrior hits you with a scimitar!!
You die...

##### #...#.......# #...#
####### #...#.......# #...#
#.....# #...#.......# #...#
#.....####...#........ #...#
#............#......#.
#...#####...........##......#.
#...##..............##......#.
#...##......o..........#....#.
#............@.........#......
##.###....###..........#......
#.....#'## #.......######....
#........###.......#.........
#........##.....####.........
#........#..................(
#........#.............#.....
##.....................#.....
#....#................#.....


You could see an orc warrior.

Vanquished Creatures
  An orc warrior (D:6)
  3 ogres
  A bullfrog (D:6)
  4 water moccasin zombies (Ossuary)
  A scorpion (D:5)
  2 howler monkeys
  A crimson imp (D:5)
  2 hounds
  6 orc wizards
  Jessica (D:2)
  An iguana (D:5)
  Natasha (D:2)
  3 worker ants
  2 mummies (Ossuary)
  A hound skeleton (D:6)
  A howler monkey skeleton (D:6)
  7 gnolls
  3 adders
  An ooze (D:5)
  An adder skeleton (D:4)
  7 adder zombies
  3 dart slugs
  2 leopard geckos (D:1)
  17 orcs
  4 bats
  5 giant cockroaches
  6 goblins
  5 hobgoblins
  6 jackals
  10 kobolds
  2 quokkas
  A ball python (D:3)
  3 frilled lizards
  6 hobgoblin zombies (Ossuary)
  A jackal zombie (D:6)
  5 kobold zombies (Ossuary)
  4 orc zombies (Ossuary)
  A quokka zombie (D:6)
  5 rats
136 creatures vanquished.

Vanquished Creatures (others)
  5 toadstools (D:1)
5 creatures vanquished.

Grand Total: 141 creatures vanquished

Notes
Turn   | Place    | Note
-------+----------+-------------------------------------------
     0 | Abyss:1  | Gargoyl the Centaur Abyssal Knight began the quest for the Orb.
     0 | Abyss:1  | Reached XP level 1. HP: 19/19 MP: 2/2
    94 | Abyss:2  | Noticed an efreet
    95 | Abyss:3  | Found a corrupted altar of Lugonu.
   137 | Abyss:3  | Noticed a large abomination
   161 | D:1      | Escaped the Abyss
   584 | D:1      | Reached XP level 2. HP: 24/26 MP: 3/3
   978 | D:1      | Reached * piety under Lugonu
  1018 | D:1      | Reached XP level 3. HP: 24/31 MP: 4/4
  1386 | D:2      | Noticed Jessica
  1401 | D:2      | Killed Jessica
  1401 | D:2      | Reached skill level 1 in Dodging
  1595 | D:2      | Found a snail-covered altar of Cheibriados.
  1624 | D:2      | Reached XP level 4. HP: 40/40 MP: 5/5
  1673 | D:2      | Noticed Natasha
  1682 | D:2      | Killed Natasha
  1698 | D:2      | Found an iron altar of Okawaru.
  1704 | D:2      | Found a snail-covered altar of Cheibriados.
  2184 | D:3      | Reached XP level 5. HP: 46/46 MP: 5/7
  2206 | D:3      | Reached ** piety under Lugonu
  2206 | D:3      | Reached skill level 3 in Invocations
  2798 | D:4      | Found Zovirpha's Book Shop.
  2817 | D:4      | Noticed an ogre
  2824 | D:4      | Killed an ogre
  2824 | D:4      | Reached XP level 6. HP: 37/52 MP: 8/8
  3193 | D:4      | Found a sand-covered staircase.
  3202 | Ossuary  | Entered an ossuary
  3615 | Ossuary  | Reached skill level 4 in Invocations
  3615 | Ossuary  | Reached XP level 7. HP: 41/59 MP: 8/10
  3975 | D:4      | Reached *** piety under Lugonu
  4201 | D:4      | Reached skill level 1 in Shields
  4315 | D:5      | Entered Level 5 of the Dungeon
  4779 | D:5      | Found a white marble altar of Elyvilon.
  4779 | D:5      | Found a glowing silver altar of Zin.
  4779 | D:5      | Found a glowing golden altar of the Shining One.
  5199 | D:6      | Reached skill level 5 in Invocations
  5215 | D:6      | Reached XP level 8. HP: 37/67 MP: 11/11
  5714 | D:6      | Found a shimmering altar of Xom.
  5717 | D:6      | Found a radiant altar of Vehumet.
  5720 | D:6      | Found a blossoming altar of Fedhas.
  6037 | D:6      | Reached **** piety under Lugonu
  6097 | D:6      | Found an ancient bone altar of Kikubaaqudgha.
  6141 | D:5      | HP: 2/67 [orc warrior/scimitar (16)]
  6142 | D:5      | Demolished by an orc warrior

Skill      XL: |  1  2  3  4  5  6  7  8 |
---------------+-------------------------+-----
Axes           | 2 3 4 |  4.9
Armour         | 2 3 4 |  4.3
Dodging        | 1 2 |  2.4
Invocations    | 3 4 5 |  5.6
Fighting       | 4 |  4.5
Shields        | 1 |  1.4
Throwing       | |  0.6

Action                   |  1- 3 |  4- 6 |  7- 9 || total
-------------------------+-------+-------+-------++-------
Melee: Hand axe          |    74 |   149 |    33 ||   256
       Kick              |    17 |    20 |    47 ||    84
       War axe           |       |       |   159 ||   159
Throw: Tomahawk          |       |     3 |     6 ||     9
Invok: Depart the Abyss  |     1 |       |       ||     1
  Use: Scroll            |     7 |     6 |     7 ||    20
       Potion            |     1 |     1 |       ||     2
  Eat: Chunk             |     1 |     4 |     5 ||    10
       Ration            |       |     1 |       ||     1
Armor: Ring mail         |    49 |    72 |    63 ||   184
       Leather armour    |     6 |       |       ||     6
       Skin              |       |    11 |       ||    11
Dodge: Dodged            |    47 |    61 |    72 ||   180
Block: Shield            |       |    47 |    61 ||   108
